 Dungeon Crawl Stone Soup version 0.32-a0-160-g465344b4ef (webtiles) character file.

Game seed: 11663838736043290363

2 tilp the Vexing (level 1, 0/13 HPs)
             Began as a Vampire Enchanter on Feb 11, 2024.
             Frozen to death by an endoplasm (5 damage)
             ... on level 1 of the Dungeon.
             The game lasted 00:00:21 (83 turns).

tilp the Vexing (Vampire Enchanter)                   Turns: 83, Time: 00:00:22

Health: 0/13       AC:  2    Str:  7    XL:     1   Next: 33%
Magic:  3/3        EV: 12    Int: 17    God:
Gold:   8          SH:  0    Dex: 14    Spells: 4/4 levels left

rFire   . . .        a - +1 dagger
rCold   . . .        (no shield)
rNeg    . . .        b - +0 robe
rPois   .            (no helmet)
rElec   .            (no cloak)
rCorr   .            (no gloves)
SInv    +            (no boots)
Will    .....        (no amulet)
Stlth   +++          (no ring)
HPRegen 0.42/turn    (no ring)
MPRegen 0.08/turn

%: no passive effects
@: healing quickly
A: alive, fangs 3, see invisible, vampiric 1
a: Exsanguinate


You were on level 1 of the Dungeon.
You visited 1 branch of the dungeon, and saw 1 of its levels.

You collected 8 gold pieces.

Inventory:

Hand Weapons
 a - a +1 dagger (weapon)
Armour
 b - a +0 robe (worn)
Potions
 c - 2 potions of invisibility


   Skills:
 * Level 0.2 Fighting
 * Level 1.2 Short Blades
 + Level 2.2 Dodging
 + Level 4.4 Stealth
 + Level 2.0 Spellcasting
 + Level 4.4 Hexes


You had 4 spell levels left.
You didn't know any spells.
Your spell library contained the following spells:

 Spells                   Type           Power      Damage    Failure   Level
 Confusing Touch          Hex            16%        N/A       10%         3
 Tukima's Dance           Hex            16%        N/A       10%         3
 Ensorcelled Hibernation  Hex/Ice        18%        N/A       12%         2
 Dazzling Flash           Conj/Hex       18%        N/A       24%         3


Dungeon Overview and Level Annotations

Branches:
Dungeon (1/15)

Altars:


Innate Abilities, Weirdness & Mutations

Your natural rate of healing is accelerated.
You have razor-sharp teeth.
You have supernaturally acute eyesight. (SInv)
You are afflicted with vampirism.


Message History

A goblin comes into view. It is wielding a +0 club.
A goblin is nearby!
A goblin is nearby!
A hobgoblin comes into view.
The hobgoblin shouts!
The goblin shouts!
An endoplasm comes into view.
The endoplasm quivers.
You see here 15 gold pieces.
The goblin closely misses you.
You barely miss the goblin. The goblin hits you with a +0 club.
You barely miss the goblin. Your bite misses the goblin. The goblin misses you.
You see here 15 gold pieces.
The endoplasm freezes you.
You are frozen.
The endoplasm closely misses you.
The endoplasm attacks as it pursues you!
The endoplasm hits you.
You don't know any spells.
Unknown command.
Unknown command.
You completely miss the endoplasm. The endoplasm closely misses you.
You hit the endoplasm but do no damage. You bite the endoplasm.
The endoplasm is moderately wounded.
The endoplasm misses you.
You completely miss the endoplasm. You bite the endoplasm.
The endoplasm is heavily wounded.
The endoplasm barely misses you.
You hit the endoplasm.
The endoplasm is severely wounded.
The endoplasm hits you.
You barely miss the endoplasm.
The endoplasm is severely wounded.
The endoplasm freezes you.
You are frozen.
* * * LOW HITPOINT WARNING * * *
You hit the endoplasm.
The endoplasm is almost dead.
The endoplasm freezes you.
You are frozen.
You die...

#.# #.# #.# #.# #.# .# #.#
#.# #.# .# #.# #.# #.##.# . #
#.# #.# #.#..# ..##
#.##.#######.####.#..# ....
...................#
####..####.#######.####.#.###
........$.ggJ@..............#
####....#..##############.#.#
#....>.## #########.#...#
#....... #.........#.###
##....... #.#######.#.#
#........ #.# #.#.#
#.........#.# #...#
#.........#.# ##### #.#


You could see an endoplasm, a hobgoblin and a goblin.

Vanquished Creatures
  A bat (D:1)
  A hobgoblin (D:1)
2 creatures vanquished.

Notes
Turn   | Place    | Note
-------+----------+-------------------------------------------
     0 | D:1      | tilp the Vampire Enchanter began the quest for the Orb.
     0 | D:1      | Reached XP level 1. HP: 13/13 MP: 3/3
    83 | D:1      | Frozen to death by an endoplasm

Illustrated notes

Levels and vault maps discovered:
D:1:      dpeg_arrival_tiny_k, layout_basic, chequers_serial_rivers_small_a,
          minmay_tetromino_o2

Action                     || total
---------------------------++-------
  Melee: Dagger            ||    12
         Bite              ||     3
   Stab: Sleeping          ||     1
 Armour: Robe              ||     4
  Dodge: Dodged            ||     7

Table legend: (Time is in decaauts)
 A = Elapsed time spent in this place.
 B = Non-inter-level travel time spent in this place.
 C = Inter-level travel time spent in this place.
 D = Time resting spent in this place.
 E = Time spent auto-exploring this place.
 F = Levels seen in this place.
 G = Mean time per level.
                   A        B        C        D        E       F      G
               +--------+--------+--------+--------+--------+-----+--------+
         Total |     82 |     82 |      0 |      0 |     49 |   1 |   82.0 |
       Dungeon |     82 |     82 |      0 |      0 |     49 |   1 |   82.0 |
               +--------+--------+--------+--------+--------+-----+--------+

Top non-repeatable levels by time:
     D:1: 82 daAuts
